 Dungeon Sprint DCSS version 0.30-a0-779-g7971cf19c3 (webtiles) character file.

Game seed: 10697130022987235429

1550 runemasterragnar the Grappler (level 8, -3/120 HPs)
             Began as a Troll Earth Elementalist on Feb 17, 2023.
             Was a Priest of Cheibriados.
             Slain by a five-headed hydra (9 damage)
             ... in the Dungeon (Sprint IX: "|||||||||||||||||||||||||||||").
             The game lasted 00:01:10 (239 turns).

runemasterragnar the Grappler (TrEE)                 Turns: 239, Time: 00:01:11

Health: -3/120     AC:  6    Str: 25    XL:     8   Next: 57%
Magic:  12/13      EV: 14    Int: 17    God:    Cheibriados [***...]
Gold:   0          SH:  0    Dex: 16    Spells: 14/15 levels left

rFire   . . .      SeeInvis .      - Unarmed
rCold   . . .      Faith    .    (no shield)
rNeg    . . .      Spirit   .    a - +0 robe
rPois   .          Reflect  .    (helmet restricted)
rElec   .          Harm     .    (no cloak)
rCorr   .          Rampage  .    (gloves unavailable)
Will    .....      NoTele   +    (boots unavailable) Stlth
                                 (no amulet)
HPRegen 1.20/turn                k - +2 ring of protection
MPRegen 0.13/turn                l - +2 ring of evasion

@: berserking (expiring), very slow
A: large, unfitting armour, claws 3, regeneration 1, shaggy fur 1, tough skin 1
a: Renounce Religion, Bend Time, Temporal Distortion


You were in the Dungeon.
You worshipped Cheibriados.
Cheibriados was most pleased with you.
You visited 1 branch

Inventory:

Armour
 a - a +0 robe (worn)
Jewellery
 k - a +2 ring of protection (left claw)
 l - a +2 ring of evasion (right claw)
Scrolls
 g - 2 scrolls of blinking
 i - 2 scrolls of amnesia
Potions
 b - 5 potions of magic
 c - 5 potions of curing
 d - 3 potions of heal wounds
 e - a potion of haste


   Skills:
 + Level 5.3 Fighting
 + Level 5.7 Dodging
 + Level 4.2 Stealth
 * Level 9.3 Unarmed Combat
 + Level 4.2 Spellcasting
 + Level 4.9 Transmutations
 + Level 6.7 Earth Magic
 + Level 4.8 Invocations


You had 14 spell levels left.
You knew the following spells:

 Your Spells              Type           Power      Damage    Failure   Level
a - Sandblast             Erth           52%        2d12      1%          1

Your spell library contained the following spells:

 Spells                   Type           Power      Damage    Failure   Level
 Passwall                 Tmut/Erth      19%        N/A       1%          2
 Stone Arrow              Conj/Erth      30%        3d8       12%         3
 Petrify                  Tmut/Erth      23%        N/A       14%         4


Dungeon Overview and Level Annotations

Branches:
Dungeon (1/1)

Altars:
Cheibriados
Dithmenos
Elyvilon
Fedhas
Gozag
Hepliaklqana
Kikubaaqudgha
Makhleb
Nemelex Xobeh
Okawaru
Qazlal
Ru
Sif Muna
Trog
Uskayaw
Vehumet
Wu Jian
Xom
Yredelemnul
Zin
The Shining One
Jiyva
Lugonu


Innate Abilities, Weirdness & Mutations

You are too large for most types of armour.
You have claws for hands.
Your natural rate of healing is unusually fast.
You are covered in fur. (AC +1)
You have tough skin. (AC +1)


Message History

You barely miss the slime creature.
The slime creature is severely wounded.
The slime creature barely misses you.
You barely miss the slime creature.
The slime creature is severely wounded.
The slime creature hits you.
You claw the slime creature!
The slime creature is almost dead.
The slime creature closely misses you.
You mangle the slime creature!!
You kill the slime creature!
Cheibriados appreciates the change of pace.
Cheibriados raises the support of your attributes as your movement slows.
Your Spellcasting skill increases to level 4!
You mangle the cyclops!!
You kill the cyclops!
Cheibriados appreciates the change of pace.
You can now warp the flow of time around you.
Your Fighting skill increases to level 5!
Your Stealth skill increases to level 4!
Your Unarmed Combat skill increases to level 9!
The four-headed hydra bites you!
The four-headed hydra bites you but does no damage. x2
The four-headed hydra bites you! The four-headed hydra bites you.
The four-headed hydra closely misses you.
The four-headed hydra bites you!
* * * LOW HITPOINT WARNING * * *
The four-headed hydra bites you!
* * * LOW HITPOINT WARNING * * *
There is an open door, spattered with blood here.
You see here 3 large rocks.
You tear one of the four-headed hydra's heads off!
The three-headed hydra grows two more!
You claw the five-headed hydra!
The five-headed hydra is moderately wounded.
The five-headed hydra bites you.
* * * LOW HITPOINT WARNING * * *
The five-headed hydra bites you!
* * * LOW HITPOINT WARNING * * *
The five-headed hydra bites you!
You die...

▓+▓
▓.▓
▓.▓
▓.▓
▓c▓
▓u▓
▓D▓
▓@▓
▓.▓
▓.▓
▓.▓
▓.▓
▓)▓
▓)▓
▓)▓
▓)▓


You could see a five-headed hydra (corroded), a brown ugly thing and a centaur
warrior.

Vanquished Creatures
  A cyclops (D)
  A gargoyle (D)
  A troll (D)
  A slime creature (D)
  3 orc warriors (D)
  A scorpion (D)
  A gnoll sergeant (D)
  A necrophage (D)
  An orc wizard (D)
  2 gnolls (D)
  3 dart slugs (D)
  2 giant cockroaches (D)
  A ball python (D)
19 creatures vanquished.

Notes
Turn   | Place    | Note
-------+----------+-------------------------------------------
     0 | D        | runemasterragnar the Troll Earth Elementalist began the
                  | quest for the Orb.
     0 | D        | Reached XP level 1. HP: 16/16 MP: 1/1
    16 | D        | Reached skill level 1 in Unarmed Combat
    19 | D        | Reached skill level 1 in Transmutations
    23 | D        | Reached XP level 2. HP: 24/26 MP: 1/3
    27 | D        | Noticed a necrophage
    27 | D        | Noticed a scorpion
    31 | D        | Reached skill level 1 in Fighting
    31 | D        | Reached skill level 2 in Unarmed Combat
    42 | D        | Killed a scorpion
    43 | D        | Reached skill level 3 in Unarmed Combat
    43 | D        | Reached XP level 3. HP: 17/35 MP: 2/5
    43 | D        | Reached XP level 4. HP: 20/42 MP: 2/6
    47 | D        | Killed a necrophage
    48 | D        | Reached skill level 4 in Unarmed Combat
    48 | D        | Reached XP level 5. HP: 23/50 MP: 3/7
    53 | D        | Reached skill level 5 in Unarmed Combat
    57 | D        | Found a snail-covered altar of Cheibriados.
    57 | D        | Found a shadowy altar of Dithmenos.
    57 | D        | Found a white marble altar of Elyvilon.
    57 | D        | Found a blossoming altar of Fedhas.
    57 | D        | Found an opulent altar of Gozag.
    58 | D        | Found a hazy altar of Hepliaklqana.
    59 | D        | Found a viscous altar of Jiyva.
    60 | D        | Found an ancient bone altar of Kikubaaqudgha.
    63 | D        | Became a worshipper of Cheibriados the Contemplative
    64 | D        | Found a corrupted altar of Lugonu.
    65 | D        | Found a burning altar of Makhleb.
    66 | D        | Found a sparkling altar of Nemelex Xobeh.
    76 | D        | Found an iron altar of Okawaru.
    77 | D        | Found a stormy altar of Qazlal.
    78 | D        | Found a sacrificial altar of Ru.
    79 | D        | Found a shimmering blue altar of Sif Muna.
    80 | D        | Found a bloodstained altar of Trog.
    81 | D        | Found a hide-covered altar of Uskayaw.
    82 | D        | Found a radiant altar of Vehumet.
    83 | D        | Found an ornate altar of the Wu Jian Council.
    84 | D        | Found a shimmering altar of Xom.
    85 | D        | Found a basalt altar of Yredelemnul.
    86 | D        | Found a glowing silver altar of Zin.
    87 | D        | Found a glowing golden altar of the Shining One.
   113 | D        | Noticed an orc warrior
   113 | D        | Noticed a troll
   113 | D        | Noticed an orc warrior
   113 | D        | Noticed an orc warrior
   120 | D        | Killed an orc warrior
   120 | D        | Killed a troll
   120 | D        | Reached * piety under Cheibriados
   121 | D        | Reached skill level 7 in Unarmed Combat
   121 | D        | Reached skill level 5 in Earth Magic
   121 | D        | Reached XP level 6. HP: 16/62 MP: 7/10
   121 | D        | Killed an orc warrior
   121 | D        | Killed an orc warrior
   122 | D        | Reached XP level 7. HP: 19/70 MP: 7/11
   125 | D        | Reached ** piety under Cheibriados
   227 | D        | Noticed a centaur warrior
   227 | D        | Noticed a brown ugly thing
   227 | D        | Noticed a four-headed hydra
   227 | D        | Noticed a gargoyle
   227 | D        | Noticed a cyclops
   227 | D        | Noticed a slime creature
   231 | D        | Killed a gargoyle
   232 | D        | Reached skill level 5 in Dodging
   232 | D        | Reached skill level 8 in Unarmed Combat
   232 | D        | Reached XP level 8. HP: 52/79 MP: 12/12
   236 | D        | Killed a slime creature
   237 | D        | Killed a cyclops
   237 | D        | Reached *** piety under Cheibriados
   238 | D        | Reached skill level 5 in Fighting
   238 | D        | Reached skill level 9 in Unarmed Combat
   239 | D        | HP: 6/120 [five-headed hydra (13)]
   239 | D        | Slain by a five-headed hydra

Illustrated notes

Levels and vault maps discovered:
D:        linesprint [early_d, line_temple, items_1, d_10, items_2, lair_1,
          lair_end, items_3, orc_1, orc_end, items_4, d_15, swamp_1, shoals_1,
          snake_1, spider_1, d_20, vaults_1, items_5, swamp_end, shoals_end,
          snake_end, spider_end, vaults_end, d_27, items_6, zot_1, zot_end,
          crypt_end, forest_end, elf_end, slime_end, tomb_end, abyss_end,
          pan_hell_end]

Skill      XL: |  1  2  3  4  5  6  7  8 |
---------------+-------------------------+-----
Unarmed Combat | 1 3 4 7 8 9 |  9.3
Transmutations | 1 2 3 4 |  4.9
Earth Magic    | 3 4 5 6 |  6.7
Fighting       | 2 3 4 5 |  5.3
Dodging        | 2 3 4 5 |  5.7
Spellcasting   | 2 3 4 |  4.2
Stealth        | 2 3 4 |  4.2
Invocations    | 3 4 |  4.8

Action                     |  1- 3 |  4- 6 |  7- 9 || total
---------------------------+-------+-------+-------++-------
  Melee: Unarmed           |    30 |    11 |     7 ||    48
  Evoke: Wand              |       |     5 |     5 ||    10
    Use: Potion            |       |     1 |     1 ||     2
   Stab: Invisible         |       |     1 |       ||     1
 Armour: Robe              |     7 |     1 |     3 ||    11
  Dodge: Dodged            |    13 |     6 |     3 ||    22

Table legend: (Time is in decaauts)
 A = Elapsed time spent in this place.
 B = Non-inter-level travel time spent in this place.
 C = Inter-level travel time spent in this place.
 D = Time resting spent in this place.
 E = Time spent auto-exploring this place.
 F = Levels seen in this place.
 G = Mean time per level.
                   A        B        C        D        E       F      G
               +--------+--------+--------+--------+--------+-----+--------+
         Total |    249 |    249 |      0 |    105 |      0 |   1 |  249.0 |
       Dungeon |    249 |    249 |      0 |    105 |      0 |   1 |  249.0 |
               +--------+--------+--------+--------+--------+-----+--------+

Top non-repeatable levels by time:
       D: 249 daAuts
